 Dungeon Crawl Stone Soup version 0.31.0-32-g396128a36d (webtiles) character file.

Game seed: 18203034046840477272

11 Alphaeus the Ruffian (level 2, -1/27 HPs)
             Began as a Troll Shapeshifter on Mar 18, 2024.
             Slain by a quokka (4 damage)
             ... on level 1 of the Dungeon.
             The game lasted 00:00:15 (123 turns).

Alphaeus the Ruffian (Troll Shapeshifter)            Turns: 123, Time: 00:00:16

Health: -1/27      AC:  4    Str: 21    XL:     2   Next: 13%
Magic:  1/1        EV:  9    Int:  6    God:
Gold:   21         SH:  0    Dex:  9    Spells: 1/1 levels left

rFire   . .          .
                       - Unarmed
rCold   . . .        (no shield)
rNeg    . . .        a - +0 animal skin
rPois   .            (helmet currently unavailable)
rElec   .            (cloak currently unavailable)
rCorr   .            (gloves unavailable)
SInv    .            (boots unavailable)
Will    .....        (no amulet)
Stlth   +            (no ring)
HPRegen 1.04/turn    (no ring)
MPRegen 0.07/turn

%: no passive effects
@: beast-form
A: beast (slay +1), large, unfitting armour, claws 3, regeneration 1, shaggy fur
1, tough skin 1
a: Begin Untransformation


You were on level 1 of the Dungeon.
You were a hulking beast.
You visited 1 branch of the dungeon, and saw 1 of its levels.

You collected 21 gold pieces.

Inventory:

Armour
 a - a +0 animal skin (worn)
Talismans
 c - a beast talisman
 d - a flux talisman
Scrolls
 e - a scroll of enchant armour {unknown}
Potions
 b - a potion of lignification


   Skills:
 + Level 1.0 Fighting
 - Level 1.5 Dodging
 * Level 3.2 Unarmed Combat
 * Level 3.2 Shapeshifting


You had one spell level left.
You didn't know any spells.
Your spell library was empty.

Dungeon Overview and Level Annotations

Branches:
Dungeon (1/15)

Altars:


Innate Abilities, Weirdness & Mutations

You are a hulking beast.
Your limbs bulge with bestial killing power. (Slay +1)
You are too large for most types of armour.
You have claws for hands.
Your natural rate of healing is unusually fast.
You are covered in fur. (AC +1)
You have tough skin. (AC +1)


Message History

You are too injured to fight recklessly!
You are too injured to fight recklessly!
Unknown command.
You scratch the goblin.
The goblin is heavily wounded.
The ball python barely misses you. The goblin hits you with a +0 club.
The rat bites you but does no damage. The goblin hits you with a +0 club.
* * * LOW HITPOINT WARNING * * *
The ball python bites you but does no damage.
You claw the goblin!
You kill the goblin!
The goblin hits you but does no damage. The rat barely misses you.
The ball python completely misses you.
You have reached level 2!
You scratch the ball python.
You kill the ball python!
A hobgoblin comes into view.
The goblin hits you but does no damage. The rat closely misses you.
A quokka comes into view.
The hobgoblin shouts!
You see here a ball python corpse.
You completely miss the goblin. The rat bites you but does no damage.
The rat completely misses you. The hobgoblin barely misses you.
The goblin hits you with a +0 club.
You claw the rat!
You kill the rat!
The hobgoblin barely misses you. The goblin hits you with a +0 club.
The hobgoblin barely misses you. The goblin hits you with a +0 club.
* * * LOW HITPOINT WARNING * * *
You scratch the goblin.
The goblin is heavily wounded.
The quokka bites you but does no damage.
The hobgoblin hits you.
* * * LOW HITPOINT WARNING * * *
The goblin hits you with a +0 club.
* * * LOW HITPOINT WARNING * * *
You claw the goblin!
You kill the goblin!
The quokka bites you.
You die...

## ##.## ##...##
..... ... #### #
#.# ...
.###.####.######.#
......g.r........#
.##....h)........#
......###$.....).#
.##.#. #........##
# # #.........#
##........#
#..).(...#
#...........#
..#.###.###.# # #.
#.###.#


You could see a quokka and a hobgoblin.

Vanquished Creatures
  2 bats (D:1)
  2 endoplasms (D:1)
  3 goblins (D:1)
  2 ball pythons (D:1)
  2 rats (D:1)
11 creatures vanquished.

Notes
Turn   | Place    | Note
-------+----------+-------------------------------------------
     0 | D:1      | Alphaeus the Troll Shapeshifter began the quest for the
                  | Orb.
     0 | D:1      | Reached XP level 1. HP: 18/18 MP: 0/0
   114 | D:1      | Reached skill level 1 in Fighting
   116 | D:1      | Reached XP level 2. HP: 9/27 MP: 1/1
   123 | D:1      | Slain by a quokka

Illustrated notes

Levels and vault maps discovered:
D:1:      ldierk_walled_garden, layout_loops_ring,
          hellmonk_ecumenical_altar_slurped_away, grunt_decor_cap,
          minmay_gold_behind_fungi

Skill      XL: |  1 |
---------------+----+-----
Fighting       | 1 |  1.0
Dodging        | |  1.5
Unarmed Combat | |  3.2
Shapeshifting  | |  3.2

Action                     || total
---------------------------++-------
  Melee: Unarmed           ||    19
         Punch             ||     1
 Armour: Animal skin       ||    26
  Dodge: Dodged            ||    15
